 Dungeon Crawl Stone Soup version 0.14-a0-1969-g2c76abe (webtiles) character file.

241 Econoterrorist the Slasher (level 5, -1/34 HPs)
             Began as a High Elf Skald on Jan 16, 2014.
             Slain by an orc
             ... wielding a +0,+0 orcish flail
              (9 damage)
             ... on Level 3 of the Dungeon.
             The game lasted 00:10:58 (3178 turns).

Econoterrorist the Slasher (High Elf Skald)         Turns: 3178, Time: 00:10:59

HP  -1/34        AC  5     Str 16      XL: 5   Next: 26%
MP   5/12        EV  9     Int 16      God:
Gold 71          SH  0     Dex 15      Spells:  3 memorised,  2 levels left

rFire  . . .     SeeInvis .     a - +0 elf falchion
rCold  . . .     Clarity  .     e - +0 orc ring mail
rNeg   . . .     Conserve .     (no shield)
rPois  +         rCorr    .     (no helmet)
rElec  .         rRot     .     (no cloak)
SustAb . .       Spirit   .     (no gloves)
rMut   .         Warding  .     (no boots)
Saprov . . .     Stasis   .     (no amulet)
MR     .....                    (no ring)
                                f - ring of poison resistance

@: mighty, very slightly contaminated, not resistant to hostile enchantments,
very unstealthy
A: no striking features
a: no special abilities


You were on level 3 of the Dungeon.
You were not hungry.

You visited 1 branch of the dungeon, and saw 3 of its levels.

You collected 71 gold pieces.

Inventory:

Hand weapons
 a - a +0,+0 elven falchion (weapon)
Armour
 b - a +0 elven leather armour
 e - a +0 orcish ring mail (worn)
Comestibles
 d - 3 bread rations
 o - 2 chunks of kobold flesh
 r - 2 meat rations
Scrolls
 g - 2 scrolls of remove curse {unknown}
 i - 3 scrolls of noise {unknown}
 k - 2 scrolls of enchant weapon II {unknown}
 n - a scroll of blinking {unknown}
Jewellery
 f - a ring of poison resistance (left hand)
Potions
 h - a potion of curing {unknown}
 j - a potion of might
 l - 2 potions of confusion {unknown}
 m - a potion of degeneration {unknown}
 q - a potion of heal wounds {unknown}
Books
 c - a book of Battle

   Spells                             Type                      Level
   *Infusion                          Charms                       1
   *Shroud of Golubria                Charms/Translocation         2
   Song of Slaying                    Charms                       2
   Spectral Weapon                    Hexes/Charms                 3
   *Regeneration                      Charms/Necromancy            3


   Skills:
 - Level 2.0 Fighting
 - Level 6.0 Long Blades
 - Level 0.8 Armour
 - Level 1.1 Dodging
 - Level 2.4 Spellcasting
 + Level 4.6 Charms


You had 2 spell levels left.
You knew the following spells:

 Your Spells              Type           Power        Failure   Level  Hunger
a - Infusion              Chrm           ###...       4%          1    #......
b - Shroud of Golubria    Chrm/Tloc      #.........   17%         2    ##.....
c - Regeneration          Chrm/Necr      #.........   34%         3    ####...


Dungeon Overview and Level Annotations

Branches:
Dungeon (3/16)

Altars:
Zin
the Shining One


Message History

You hit the quokka.
The quokka is severely wounded.
The orc hits you with an orcish flail.
The orc wizard gestures at you while chanting.
The puff of flame hits you!
* * * LOW HITPOINT WARNING * * *
The orc closely misses you.
The quokka bites you but does no damage.
The orc barely misses you.
Drink which item? (? for menu, Esc to quit)
You feel very mighty all of a sudden.
It was a potion of might.
The orc wizard barely misses you. The orc misses you.
The orc barely misses you.
The quokka bites you but does no damage.
The orc wizard barely misses you. The orc barely misses you.
You hit the quokka.
You kill the quokka!
The orc wizard hits you but does no damage.
The orc hits you with an orcish flail!
You die...

.# ######.##
#..>....# ##
#.......# ..
#.......#
#.##<......#
#..o@oo....#
####oo.....#
##.######
#.# #%##
#..#
####.###
#......#
#......#


You could see 2 orc wizards and 3 orcs.

Vanquished Creatures
  An orc priest (D:3)
  2 adders
  4 gnolls (D:2)
  2 giant mites (D:1)
  3 giant geckos
  An orc (D:2)
  A ball python (D:2)
  6 bats
  6 giant cockroaches
  9 goblins
  11 hobgoblins
  3 jackals (D:1)
  8 kobolds
  A quokka (D:3)
  3 giant newts
  5 rats
66 creatures vanquished.

Notes
Turn   | Place    | Note
--------------------------------------------------------------
     0 | D:1      | Econoterrorist, the High Elf Skald, began the quest for the Orb.
     0 | D:1      | Reached XP level 1. HP: 14/14 MP: 4/4
   440 | D:1      | Reached XP level 2. HP: 12/19 MP: 1/6
   448 | D:1      | Learned a level 2 spell: Shroud of Golubria
   662 | D:1      | Reached skill level 4 in Long Blades
   880 | D:1      | Reached XP level 3. HP: 22/24 MP: 2/8
  2016 | D:2      | Reached skill level 5 in Long Blades
  2172 | D:2      | Reached XP level 4. HP: 24/29 MP: 6/11
  2417 | D:2      | Found a glowing golden altar of the Shining One.
  2442 | D:2      | Found a glowing silver altar of Zin.
  2598 | D:2      | Reached skill level 6 in Long Blades
  3013 | D:3      | Reached XP level 5. HP: 31/34 MP: 12/12
  3125 | D:2      | Learned a level 3 spell: Regeneration
  3178 | D:3      | Slain by an orc

Action                   |  1- 3 |  4- 6 || total
-------------------------+-------+-------++-------
Melee: Falchion          |   166 |    74 ||   240
 Cast: Infusion          |    10 |     4 ||    14
       Shroud of Golubri |     3 |     2 ||     5
       Regeneration      |       |     1 ||     1
  Use: Potion            |       |     1 ||     1
